AoeStats
← Bananagee

Golden Pit

509163879Analyzed
1v1 RM · 7d ago on Sep 25, 2026· 26m 22s· 2 players
Game mode
Random Map
Map size
Tiny (2 player)
Population
200
Speed
Normal
Resources
Standard
Victory
Conquest
Starting age
Dark Age
Ending age
Imperial Age
RankedLock teamsTeams togetherTeam positionsShared explorationLock speedFull tech treeHidden civsTurbo modeCheats
Victory
Defeat
🇬🇧 Persians · United Kingdom
1215
+16
🇲🇽 Wu · Mexico
1217
-16
Bananagee
0:37 Loom
17:50 Feudal Age
19:22 Wheelbarrow
18:42 Double-Bit Axe
18:52 Horse Collar
23:05 Town Watch
[VL] VladDracvl
4:08 Loom
6:29 Loom
9:04 Feudal Age
22:19 Fletching
Connection lost

Rejoining the realm…

Still unreachable

The connection could not be restored.

Session expired

The server has moved on; the page needs a fresh start.